 Dungeon Sprint DCSS version 0.25.1-8-g42b30a86e7 (webtiles) character file.

Game seed: 15541892015866939097

8091 jbtxwes the Impaler (level 11, -10/72 HPs)
             Began as a Merfolk Skald on Dec 11, 2020.
             Mangled by a spiny frog (21 damage)
             ... in the Dungeon (Sprint V: "Ziggurat Sprint").
             The game lasted 00:20:49 (1977 turns).

jbtxwes the Impaler (Merfolk Skald)                 Turns: 1977, Time: 00:20:49

Health: -10/72     AC: 14    Str: 21    XL:     11   Next: 25%
Magic:  1/14       EV:  8    Int: 15    God:
Gold:   0          SH: 32    Dex: 23    Spells: 8/14 levels left

rFire    + . .     SeeInvis +   a - +8 trident of the Octopus King {venom, rElec rPois MR+}
rCold    + . .     Gourm    .   H - +18 shield of the Gong {rElec rN+ MR+ EV-5}
rNeg     + . .     Faith    .   R - +2 robe
rPois    +         Spirit   .   L - +3 crown of Dyrovepreva {rElec Int+2 SInv}
rElec    +         Reflect  .   (no cloak)
rCorr    .         Harm     .   (no gloves)
MR       ++...     NoTele   +   (no boots)
Stlth    +++.......             P - amulet of magic regeneration
HPRegen  0.22/turn              w - +6 ring of dexterity
MPRegen  0.39/turn              z - ring "Waiz" {rF+ rC+ Str+6 Dex+4 SInv}

@: lethally poisoned (-10 -> -11), icy armour, infused, studying Conjurations
A: change form in water, swift swim, stealthy swim
a: no special abilities


You were in the Dungeon.
You were hungry.

You visited 1 branch

Inventory:

Hand Weapons
 a - the +8 trident of the Octopus King (weapon) {venom, rElec rPois MR+}
   (You found it in the Dungeon)

   It poisons the flesh of those it strikes.
   It insulates you from electricity.
   It protects you from poison.
   It affects your resistance to hostile enchantments.
 G - the +8 lance "Wyrmbane" {slay drac, rPois rF+ rC+ AC+3}
   (You found it in the Dungeon)

   It affects your AC (+3).
   It protects you from fire.
   It protects you from cold.
   It protects you from poison.
Armour
 H - the +18 shield of the Gong (worn) {rElec rN+ MR+ EV-5}
   (You found it in the Dungeon)

   It affects your evasion (-5).
   It insulates you from electricity.
   It protects you from negative energy.
   It affects your resistance to hostile enchantments.
 I - +5 gold dragon scales
 L - the +3 crown of Dyrovepreva (worn) {rElec Int+2 SInv}
   (You found it in the Dungeon)

   It affects your intelligence (+2).
   It insulates you from electricity.
   It lets you see invisible.
 R - a +2 robe (worn)
Jewellery
 m - an uncursed ring of fire
 v - an uncursed ring of flight
 w - a +6 ring of dexterity (left hand)
 z - the ring "Waiz" (right hand) {rF+ rC+ Str+6 Dex+4 SInv}
   (You found it in the Dungeon)

   [ring of strength]

   It affects your strength (+6).
   It affects your dexterity (+4).
   It protects you from fire.
   It protects you from cold.
   It lets you see invisible.
 B - an uncursed ring of resist corrosion
 F - an uncursed ring of magical power
 J - the ring "Idussoyll" {rN+ MR+ Int+4}
   (You found it in the Dungeon)

   [ring of positive energy]

   It affects your intelligence (+4).
   It protects you from negative energy.
   It affects your resistance to hostile enchantments.
 K - the ring "Erron" {Ice Dex+3 SInv}
   (You found it in the Dungeon)

   [ring of ice]

   It enhances your ice magic.
   It affects your dexterity (+3).
   It makes you vulnerable to fire.
   It protects you from cold.
   It lets you see invisible.
 M - a +6 ring of dexterity
 N - the ring "Dirooge" {Ice +Fly rN+ Dex+10 Stlth-}
   (You found it in the Dungeon)

   [ring of ice]

   It enhances your ice magic.
   It affects your dexterity (+10).
   It makes you vulnerable to fire.
   It protects you from cold.
   It protects you from negative energy.
   It lets you fly.
   It makes you less stealthy.
 P - an amulet of magic regeneration (around neck)
 Q - an uncursed ring of protection from cold
Wands
 C - a wand of disintegration (7)
 D - a wand of iceblast (6)
 E - a wand of acid (7)
Scrolls
 j - 4 scrolls of blinking
 p - 4 scrolls of amnesia
 q - 7 scrolls of fog
 r - a scroll of holy word
 s - 5 scrolls of identify
 t - 5 scrolls of remove curse
 u - 2 scrolls of fear
 O - 4 scrolls of enchant armour
Potions
 c - 2 potions of brilliance
 e - 10 potions of curing
 f - 13 potions of heal wounds
 g - 6 potions of haste
 h - 7 potions of magic
 i - 3 potions of berserk rage
 k - 2 potions of invisibility
 l - 4 potions of resistance
 n - 6 potions of stabbing
 o - 5 potions of might
Books
 b - a manual of Conjurations
Miscellaneous
 x - a phantom mirror
 A - a phial of floods
Comestibles
 d - 6 rations


   Skills:
 - Level 2.1 Fighting
 - Level 20.3 Polearms
 - Level 2.0 Throwing
 - Level 0.6 Armour
 - Level 2.6 Dodging
 + Level 5.0 Stealth
 - Level 14.0 Shields
 - Level 2.2 Unarmed Combat
 - Level 2.0 Spellcasting
 * Level 10.6 Conjurations
 * Level 15.4 Charms
 + Level 3.5 Ice Magic
 - Level 2.1 Evocations


You had 8 spell levels left.
You knew the following spells:

 Your Spells              Type           Power        Failure   Level  Hunger
a - Infusion              Chrm           ####         1%          1    #......
b - Song of Slaying       Chrm           #####...     1%          2    ###....
c - Ozocubu's Armour      Chrm/Ice       ####....     1%          3    ###....

Your spell library contained the following spells:

 Spells                   Type           Power        Failure   Level  Hunger
 Magic Dart               Conj           ####         1%          1    #......
 Shroud of Golubria       Chrm/Tloc      ###...       1%          2    ###....
 Spectral Weapon          Hex/Chrm       ###.....     3%          3    ###....
 Iskenderun's Battlesphe  Conj/Chrm      #####...     3%          5    ######.
 Freeze                   Ice            ##..         6%          1    #......
 Conjure Flame            Conj/Fire      ###.....     9%          3    ###....
 Hailstorm                Conj/Ice       ###.....     13%         4    #####..
 Frozen Ramparts          Ice            ##....       17%         3    ###....
 Mephitic Cloud           Conj/Pois/Air  ##......     17%         3    ###....
 Corona                   Hex            #......      24%         1    #......
 Pain                     Necr           #...         24%         1    #......
 Summon Butterflies       Summ           #.......     24%         1    #......
 Blink                    Tloc           N/A          36%         2    ###....
 Call Imp                 Summ           #.......     36%         2    ###....
 Slow                     Hex            #.......     36%         2    ###....
 Gell's Gravitas          Tloc           #.........   58%         3    ###....
 Inner Flame              Hex/Fire       #.......     58%         3    ###....
 Portal Projectile        Hex/Tloc       #.....       58%         3    ###....
 Summon Ice Beast         Ice/Summ       #.......     75%         4    #####..
 Bolt of Magma            Conj/Fire/Erth ##........   85%         5    ######.
 Cause Fear               Hex            #.........   94%         4    #####..
 Leda's Liquefaction      Hex/Erth       #.........   94%         4    #####..
 Summon Lightning Spire   Summ/Air       #.......     94%         4    #####..
 Orb of Destruction       Conj           ####......   95%         7    #######
 Iron Shot                Conj/Erth      ###.......   99%         6    #######
 Dispersal                Tloc           #.........   100%        6    #######
 Malign Gateway           Summ/Tloc      #.........   100%        7    #######
 Monstrous Menagerie      Summ           #.........   100%        7    #######
 Spellforged Servitor     Conj/Summ      ###.......   100%        7    #######
 Summon Greater Demon     Summ           #.........   100%        7    #######
 Summon Hydra             Summ           #.........   100%        7    #######
 Controlled Blink         Tloc           N/A          100%        8    #######
 Disjunction              Tloc           #.........   100%        8    #######
 Summon Horrible Things   Summ           #.........   100%        8    #######


Dungeon Overview and Level Annotations

Branches:
Dungeon (1/1)

Altars:
Ashenzari
Cheibriados
Dithmenos
Elyvilon
Fedhas
Gozag
Hepliaklqana
Kikubaaqudgha
Makhleb
Nemelex Xobeh
Okawaru
Qazlal
Ru
Sif Muna
Trog
Uskayaw
Vehumet
Wu Jian
Xom
Yredelemnul
Zin
The Shining One
Beogh
Jiyva
Lugonu


Message History

You kill the spiny frog!
Your Stealth skill increases to level 5!
You block the crocodile's attack.
GONNNNG!
You hit the crocodile!
The crocodile is moderately wounded.
You feel sick. You block the crocodile's attack.
GONNNNG!
You block the crocodile's attack.
SHROANNG!
You puncture the crocodile!
The crocodile is poisoned.
The crocodile is severely wounded.
You block the crocodile's attack.
GONNNNG!
You puncture the crocodile!
You kill the crocodile!
You impale the crocodile!!
The crocodile is severely wounded.
The spiny frog stings you!!
You die...

▓...|).}..▓
▓..)[:!:..▓.........▓
▓.........▓.........▓
▓.........▓.........▓
▓.........▓.........▓
▓.........▓.........▓
▓.........▓†▓.....▓.▓
▓.......tF▓.†..©....▓
▓....©..†@▓▓▓▓▓▓▓▓▓▓▓
▓▓▓▓▓▓▓▓▓▓▓


You could see a spiny frog and a crocodile.

Vanquished Creatures
  A dancing weapon (D)
  A deep elf archer (D)
  2 deep elf magi (D)
  A black mamba (D)
  A smoke demon (D)
  5 spiny frogs (D)
  A polar bear (D)
  4 merfolk (D)
  An air elemental (D)
  2 yaks (D)
  A basilisk (D)
  A water elemental (D)
  A large abomination (D)
  A water moccasin (D)
  A floating eye (D)
  2 hell hounds (D)
  3 porcupines (D)
  An eye of draining (D)
  2 centaurs (D)
  2 crocodiles (D)
  A bullfrog (D)
  A small abomination (D)
  A wight (D)
  4 crimson imps (D)
  6 quasits (D)
  A jelly (D)
  An iguana (D)
  3 river rats (D)
  A white imp (D)
  3 ufetubi (D)
  An ooze (D)
  An adder zombie (D)
  An adder skeleton (D)
  A leopard gecko skeleton (D)
  A quokka zombie (D)
61 creatures vanquished.

Vanquished Creatures (others)
  A white imp (D)
1 creature vanquished.

Grand Total: 62 creatures vanquished

Notes
Turn   | Place    | Note
-------+----------+-------------------------------------------
     0 | D        | jbtxwes the Merfolk Skald began the quest for the Orb.
     0 | D        | Reached XP level 1. HP: 16/16 MP: 3/3
     0 | D        | Found a shimmering blue altar of Sif Muna.
     0 | D        | Found a bloodstained altar of Trog.
     0 | D        | Found a sacrificial altar of Ru.
     0 | D        | Found a stormy altar of Qazlal.
     0 | D        | Found an iron altar of Okawaru.
     1 | D        | Found a sparkling altar of Nemelex Xobeh.
     1 | D        | Found a blossoming altar of Fedhas.
     2 | D        | Found the +6 Majin-Bo {vamp, Archmagi MP+6 Int+6}
     2 | D        | Found the +7 great mace "Firestarter" {inner flame, rF++}
     3 | D        | Found a transporter.
     3 | D        | Found an ancient bone altar of Kikubaaqudgha.
     3 | D        | Found a viscous altar of Jiyva.
     3 | D        | Found a corrupted altar of Lugonu.
     3 | D        | Found a hazy altar of Hepliaklqana.
     3 | D        | Found a burning altar of Makhleb.
     3 | D        | Found an opulent altar of Gozag.
    39 | D        | Found the +6 shillelagh "Devastator" {shatter}
    39 | D        | Found the +11 plutonium sword {*Contam Stlth-}
    39 | D        | Found the +8 lance "Wyrmbane" {slay drac, rPois rF+ rC+
                  | AC+3}
    39 | D        | Found the +9 sword of Zonguldrok {reap}
    39 | D        | Found the cursed +13 scythe of Curses {drain, *Curse}
    39 | D        | Found the +0 sword of Power
    39 | D        | Found the +7 mace of Variability {chain chaos}
    39 | D        | Found the +7 Singing Sword {vorpal, sonic wave}
    39 | D        | Found the +8 storm bow {elec, penet}
    41 | D        | Found the +9 heavy crossbow "Sniper" {vorpal, Acc+∞ SInv}
    41 | D        | Found the +10 dark maul {vorpal}
    41 | D        | Found the +15 Maxwell's patent armour {-Cast -Tele rElec
                  | MR+ rCorr}
    41 | D        | Found the +18 shield of the Gong {rElec rN+ MR+ EV-5}
    41 | D        | Found the cursed +14 obsidian axe {vorpal, +Fly SInv
                  | *Curse}
    83 | D        | Entered arena 2.
    83 | D        | Noticed a wight
    83 | D        | Found a transporter.
    84 | D        | Found the +8 trident of the Octopus King {venom, rElec
                  | rPois MR+}
    87 | D        | Killed a wight
    87 | D        | Reached skill level 9 in Polearms
    87 | D        | Reached skill level 1 in Shields
    87 | D        | Reached XP level 2. HP: 22/22 MP: 5/5
    87 | D        | Reached XP level 3. HP: 27/27 MP: 6/6
   102 | D        | Entered arena 3.
   102 | D        | Found a transporter.
   111 | D        | Reached skill level 10 in Polearms
   111 | D        | Reached XP level 4. HP: 27/33 MP: 7/7
   113 | D        | Reached skill level 11 in Polearms
   163 | D        | Entered arena 4.
   163 | D        | Noticed a floating eye
   163 | D        | Noticed an eye of draining
   163 | D        | Found a transporter.
   166 | D        | Paralysed by a floating eye for 4 turns
   171 | D        | Reached skill level 12 in Polearms
   171 | D        | Reached XP level 5. HP: 38/38 MP: 1/8
   173 | D        | Killed a floating eye
   173 | D        | Reached skill level 14 in Polearms
   173 | D        | Reached skill level 5 in Shields
   177 | D        | Killed an eye of draining
   177 | D        | Reached skill level 15 in Polearms
   177 | D        | Reached XP level 6. HP: 44/44 MP: 1/9
   186 | D        | Got the ring "Waiz" {rF+ rC+ Str+6 Dex+4 SInv}
   350 | D        | Entered arena 5.
   350 | D        | Noticed a porcupine
   350 | D        | Found a transporter.
   353 | D        | Reached skill level 16 in Polearms
   366 | D        | Killed a porcupine
   366 | D        | Reached XP level 7. HP: 31/50 MP: 10/10
   495 | D        | Entered arena 6.
   495 | D        | Found a transporter.
   501 | D        | Reached skill level 17 in Polearms
   535 | D        | Got Sif Muna's Reference Book on Dark Calling
   543 | D        | Entered arena 7.
   543 | D        | Noticed a merfolk
   543 | D        | Noticed a merfolk
   543 | D        | Noticed a merfolk
   543 | D        | Noticed a merfolk
   558 | D        | Killed a merfolk
   558 | D        | Reached skill level 18 in Polearms
   558 | D        | Reached XP level 8. HP: 41/56 MP: 11/11
   560 | D        | Reached skill level 10 in Shields
   561 | D        | Found a transporter.
   569 | D        | Killed a merfolk
   569 | D        | Reached skill level 19 in Polearms
   577 | D        | Killed a merfolk
   586 | D        | Killed a merfolk
   586 | D        | Reached XP level 9. HP: 5/61 MP: 12/12
   877 | D        | Got the ring "Idussoyll" {rN+ MR+ Int+4}
   879 | D        | Got the ring "Erron" {Ice Dex+3 SInv}
   891 | D        | Reached skill level 20 in Polearms
   891 | D        | Reached XP level 10. HP: 67/67 MP: 13/13
   894 | D        | Entered arena 8.
   894 | D        | Noticed a deep elf mage
   894 | D        | Noticed a deep elf mage
   894 | D        | Noticed a deep elf archer
   894 | D        | Noticed a +0 war axe of electrocution
   896 | D        | Found a transporter.
   906 | D        | Killed a deep elf mage
   912 | D        | Killed a deep elf archer
   924 | D        | Killed a deep elf mage
   928 | D        | Killed a +0 war axe of electrocution
  1219 | D        | Learned a level 2 spell: Song of Slaying
  1233 | D        | Learned a level 3 spell: Ozocubu's Armour
  1236 | D        | Entered arena 9.
  1236 | D        | Noticed a smoke demon
  1237 | D        | Found the +3 crown of Dyrovepreva {rElec Int+2 SInv}
  1240 | D        | Found a transporter.
  1242 | D        | Reached skill level 1 in Conjurations
  1248 | D        | Reached skill level 10 in Charms
  1252 | D        | Killed a smoke demon
  1386 | D        | Entered arena 10.
  1398 | D        | Reached skill level 1 in Ice Magic
  1402 | D        | Reached skill level 5 in Conjurations
  1415 | D        | Found a transporter.
  1696 | D        | Entered arena 11.
  1696 | D        | Noticed a spiny frog
  1696 | D        | Noticed a spiny frog
  1696 | D        | Noticed a spiny frog
  1709 | D        | Killed a spiny frog
  1715 | D        | Killed a spiny frog
  1722 | D        | Killed a spiny frog
  1738 | D        | Reached XP level 11. HP: 37/72 MP: 10/14
  1745 | D        | Found a transporter.
  1904 | D        | Got the ring "Dirooge" {Ice +Fly rN+ Dex+10 Stlth-}
  1928 | D        | Entered arena 12.
  1969 | D        | Reached skill level 10 in Conjurations
  1969 | D        | Reached skill level 15 in Charms
  1973 | D        | Reached skill level 5 in Stealth
  1977 | D        | Mangled by a spiny frog

Illustrated notes

Levels and vault maps discovered:
D:        sprint_v [room_start, room_1, room_2, room_3, room_4, room_5, room_6,
          room_7, room_8, room_9, room_10, room_11, room_12, room_13, room_14,
          room_15, room_16, room_17, room_18, room_19, room_20, room_21,
          room_22, room_23, room_24, room_25, room_26, room_27]

Skill      XL: |  1  2  3  4  5  6  7  8  9 10 11 |
---------------+----------------------------------+-----
Polearms       | 9 10 12 15 16 18 19 20 | 20.3
Shields        | 1 2 4 6 7 9 11 12 14 | 14.0
Throwing       | 2 |  2.0
Stealth        | 2 4 5 |  5.0
Unarmed Combat | 2 |  2.2
Charms         | 6 13 15 | 15.4
Evocations     | 2 |  2.1
Conjurations   | 8 10 | 10.6
Ice Magic      | 2 3 |  3.5
Fighting       | |  2.1
Armour         | |  0.6
Dodging        | |  2.6
Spellcasting   | |  2.0

Action                   |  1- 3 |  4- 6 |  7- 9 | 10-12 || total
-------------------------+-------+-------+-------+-------++-------
Melee: Demon trident     |    12 |    29 |    55 |       ||    96
       Trident           |       |       |       |   155 ||   155
 Cast: Ozocubu's Armour  |       |       |       |     4 ||     4
       Song of Slaying   |       |       |       |     2 ||     2
       Infusion          |       |       |       |     1 ||     1
Evoke: Wand              |       |       |       |     1 ||     1
  Use: Potion            |       |       |     1 |     1 ||     2
  Eat: Ration            |       |       |       |     1 ||     1
Armor: Gold dragon scale |    22 |     9 |    17 |     9 ||    57
       Skin              |       |       |       |    17 ||    17
       Robe              |       |       |       |    14 ||    14
Dodge: Dodged            |     1 |     2 |     1 |    28 ||    32
Block: Kite shield       |    30 |    24 |    73 |   273 ||   400
